 Dungeon Crawl Stone Soup version 0.28-a0-1382-g92835e5c71 (webtiles) character file.

Game seed: 4608601037204370658

101 rogsnak the Gusty (level 4, -1/31 HPs)
             Began as a Demonspawn Air Elementalist on Jan 1, 2022.
             Slain by a water moccasin skeleton (5 damage)
             ... on level 3 of the Dungeon.
             The game lasted 00:04:33 (2965 turns).

rogsnak the Gusty (Demonspawn Air Elementalist)     Turns: 2965, Time: 00:04:33

Health: -1/31      AC:  2    Str:  8    XL:     4   Next: 48%
Magic:  1/8        EV: 12    Int: 19    God:
Gold:   81         SH:  0    Dex: 13    Spells: 7/8 levels left

rFire   . . .      SeeInvis .   k - +0 whip (venom)
rCold   . . .      Faith    .   (no shield)
rNeg    . . .      Spirit   .   a - +0 robe
rPois   .          Reflect  .   (no helmet)
rElec   .          Harm     .   (no cloak)
rCorr   .          Rampage  .   (no gloves)
Will    .....                   (no boots)
Stlth   ++........              (no amulet)
HPRegen 0.10/turn               (no ring)
MPRegen 0.11/turn               (no ring)

@: no status effects
A: demonic guardian 1, ignite blood 1, weakness stinger 1
a: no special abilities


You were on level 3 of the Dungeon.
You visited 1 branch of the dungeon, and saw 3 of its levels.

You collected 81 gold pieces.

Inventory:

Hand Weapons
 b - a +0 dagger
 c - a +0 short sword
 d - a +2 dagger of flaming
 k - a +0 whip of venom (weapon)
Armour
 a - a +0 robe (worn)
Scrolls
 f - 3 scrolls of magic mapping {unknown}
 g - a scroll of fog {unknown}
 i - a scroll of identify {unknown}
 j - a scroll of enchant armour {unknown}
 l - a scroll of teleportation {unknown}
 m - a scroll of fear {unknown}
 o - a scroll of amnesia {unknown}
Potions
 e - a potion of brilliance {unknown}
 h - a potion of curing {unknown}
 n - a potion of degeneration {unknown}


   Skills:
 + Level 0.3 Fighting
 + Level 2.0 Dodging
 - Level 1.7 Stealth
 + Level 2.7 Spellcasting
 * Level 2.2 Conjurations
 + Level 3.7 Air Magic


You had 7 spell levels left.
You knew the following spells:

 Your Spells              Type           Power      Damage    Failure   Level
a - Shock                 Conj/Air       52%        1d6       4%          1

Your spell library contained the following spells:

 Spells                   Type           Power      Damage    Failure   Level
 Static Discharge         Conj/Air       13%        N/A       7%          2
 Swiftness                Air            17%        N/A       10%         3
 Corpse Rot               Necr/Air       18%        N/A       11%         2
 Poisonous Vapours        Pois/Air       18%        N/A       11%         2
 Sublimation of Blood     Necr           2%         N/A       24%         2
 Airstrike                Air            8%         N/A       32%         4
 Petrify                  Tmut/Erth      2%         N/A       83%         4
 Irradiate                Conj/Tmut      3%         3d14      95%         5


Dungeon Overview and Level Annotations

Branches:
Dungeon (3/15)

Altars:

Shops:
D:3 *


Innate Abilities, Weirdness & Mutations

A weak demonic guardian rushes to your aid.
Your demonic aura sometimes causes spilled blood to erupt in flames.
You have a small tail.


Message History

Casting: Shock (safe; 4% risk of failure)
Confirm with . or Enter, or press ? or * to list all spells.
Aiming: Shock (safe; 4% risk of failure)
Press: ? - help, Shift-Dir - straight line The zap misses the water moccasin skeleton.
The zap hits the water moccasin skeleton.
The water moccasin skeleton is heavily damaged.
The water moccasin skeleton bites you.
Unknown command.
Casting: Shock (safe; 4% risk of failure)
Confirm with . or Enter, or press ? or * to list all spells.
Aiming: Shock (safe; 4% risk of failure)
Press: ? - help, Shift-Dir - straight line The zap misses the water moccasin skeleton.
The zap hits the water moccasin skeleton.
The water moccasin skeleton is heavily damaged.
The water moccasin skeleton bites you but does no damage.
Unknown command.
Casting: Shock (safe; 4% risk of failure)
Confirm with . or Enter, or press ? or * to list all spells.
Aiming: Shock (safe; 4% risk of failure)
Press: ? - help, Shift-Dir - straight line The zap hits the water moccasin skeleton.
The water moccasin skeleton is heavily damaged.
The zap hits the water moccasin skeleton.
The water moccasin skeleton is severely damaged.
The water moccasin skeleton bites you!
* * * LOW HITPOINT WARNING * * *
A demonic guardian appears!
Your magical contamination has completely faded away.
Casting: Shock (safe; 4% risk of failure)
Confirm with . or Enter, or press ? or * to list all spells.
Aiming: Shock (safe; 4% risk of failure)
Press: ? - help, Shift-Dir - straight line The zap hits the water moccasin skeleton.
The water moccasin skeleton is almost destroyed.
The zap hits the water moccasin skeleton.
The water moccasin skeleton is almost destroyed.
The water moccasin skeleton bites you.
You die...

. ...... .# # ##. .#..#
#.# # ##..# ....... #.###
#....# #..#.# #...<
......# #.... #####
.......## ##.## #
........####...###########
......†.Z5∩...............
....>...#@.......#########
.......##.###.##.# #
#.....# #.# #.##.# ##
##...# #.# #.##.# #. ##+#
#.# ..##.# ## #.# .###.# #
#.##. #.# #.# ...


You could see a water moccasin skeleton (ally target) and a friendly quasit
(summoned).

Vanquished Creatures
  3 adders
  A dart slug (D:3)
  9 ball pythons
  2 endoplasms
  3 giant cockroaches
  11 goblins
  4 hobgoblins
  7 jackals (D:3)
  7 kobolds
  4 quokkas
  7 bats
  A frilled lizard (D:1)
  4 rats
63 creatures vanquished.

Notes
Turn   | Place    | Note
-------+----------+-------------------------------------------
     0 | D:1      | rogsnak the Demonspawn Air Elementalist began the quest for
                  | the Orb.
     0 | D:1      | Reached XP level 1. HP: 13/13 MP: 3/3
   192 | D:1      | Reached skill level 3 in Air Magic
   260 | D:1      | Gained mutation: You have a small tail. [demonic ancestry]
   260 | D:1      | Reached XP level 2. HP: 19/19 MP: 0/5
   791 | D:1      | Gained mutation: A weak demonic guardian rushes to your
                  | aid. [demonic ancestry]
   791 | D:1      | Reached XP level 3. HP: 24/24 MP: 0/6
  1246 | D:1      | Found a faded altar of an unknown god.
  2058 | D:2      | Gained mutation: Your demonic aura sometimes causes spilled
                  | blood to erupt in flames. [demonic ancestry]
  2058 | D:2      | Reached XP level 4. HP: 31/31 MP: 7/7
  2842 | D:3      | Found Zaicakk's Assorted Antiques.
  2965 | D:3      | Slain by a water moccasin skeleton

Illustrated notes

Levels and vault maps discovered:
D:1:      saegor_arrival_simple_c, layout_loops_cross,
          ebering_ecumenical_altar_webs, minmay_tromino_mix6
D:2:      layout_rooms
D:3:      layout_loops_corners, serial_shops, shop

Skill      XL: |  1  2  3  4 |
---------------+-------------+-----
Air Magic      | 3 |  3.7
Dodging        | 2 |  2.0
Conjurations   | 2 |  2.2
Fighting       | |  0.3
Stealth        | |  1.7
Spellcasting   | |  2.7

Action                   |  1- 3 |  4- 6 || total
-------------------------+-------+-------++-------
Melee: Unarmed           |     4 |       ||     4
       Dagger            |    12 |       ||    12
       Whip              |     8 |    25 ||    33
       Tailslap          |     1 |     2 ||     3
 Cast: Shock             |    84 |    43 ||   127
 Stab: Sleeping          |     1 |       ||     1
Armor: Robe              |    15 |     7 ||    22
Dodge: Dodged            |    36 |    32 ||    68

Table legend: (Time is in decaauts)
 A = Elapsed time spent in this place.
 B = Non-inter-level travel time spent in this place.
 C = Inter-level travel time spent in this place.
 D = Time resting spent in this place.
 E = Time spent auto-exploring this place.
 F = Levels seen in this place.
 G = Mean time per level.
                   A        B        C        D        E       F      G
               +--------+--------+--------+--------+--------+-----+--------+
         Total |   2965 |   2929 |     36 |    246 |   2083 |   3 |  988.3 |
       Dungeon |   2965 |   2929 |     36 |    246 |   2083 |   3 |  988.3 |
               +--------+--------+--------+--------+--------+-----+--------+

Top non-repeatable levels by time:
     D:1: 1426 daAuts
     D:2: 851 daAuts
     D:3: 688 daAuts
